 Dungeon Sprint DCSS version 0.20-a0-270-g8e735b6 (webtiles) character file.

2983 jerryfan the Bludgeoner (level 9, -5/118 HPs)
             Began as an Ogre Berserker on Dec 9, 2016.
             Was a High Priest of Trog.
             Slain by a red devil
             ... wielding a +0 trident
              (17 damage)
             ... in the Dungeon (Sprint VII: "The Pits").
             The game lasted 00:07:40 (1670 turns).

jerryfan the Bludgeoner (Ogre Berserker)            Turns: 1670, Time: 00:07:41

Health: -5/118     AC:  3    Str: 30    XL:     9   Next: 83%
Magic:  9/9        EV: 15    Int:  6    God:    Trog [*****.]
Gold:   0          SH:  0    Dex: 12    Spells: 8/8 levels left

rFire  . . .     SeeInvis .     w - +2 dire flail (protect)
rCold  . . .     Gourm    .     b - +0 animal skin
rNeg   . . .     Faith    .     (shield currently unavailable)
rPois  .         Spirit   .     (helmet restricted)
rElec  .         Reflect  .     (no cloak)
rCorr  .         Harm     .     (gloves unavailable)
MR     .....     NoTele   +     (boots unavailable)
Stlth  ++........               (no amulet)
                                t - +3 ring of dexterity
                                j - +3 ring of strength

@: exhausted
A: unfitting armour, tough skin 1
a: Berserk, Trog's Hand, Brothers in Arms, Burn Spellbooks, Renounce Religion


You were in the Dungeon.
You worshipped Trog.
Trog was extremely pleased with you.
You were full.

You visited 1 branch

Inventory:

Hand Weapons
 a - a +0 mace
 k - a +2 mace
 r - a +0 mace of crushing
 s - a +1 halberd of protection
 w - a +2 dire flail of protection (weapon)
Armour
 b - a +0 animal skin (worn)
Jewellery
 j - a +3 ring of strength (left hand)
 t - a +3 ring of dexterity (right hand)
Scrolls
 i - a scroll of blinking
 m - 3 scrolls of remove curse
 n - a scroll of summoning
 q - 2 scrolls of vulnerability
Potions
 d - 5 potions of curing
 e - 11 potions of heal wounds
 f - 2 potions of haste
 g - 4 potions of magic
 h - 3 potions of berserk rage
 l - 2 potions of invisibility
 u - 2 potions of brilliance
 v - 2 potions of might
Comestibles
 c - 8 bread rations
 o - 40 fruits
 p - 5 meat rations


   Skills:
 + Level 15.8 Fighting
 + Level 17.1 Maces & Flails
 + Level 11.0 Dodging
 + Level 2.7 Stealth


You had 8 spell levels left.
You didn't know any spells.

Dungeon Overview and Level Annotations

Branches:
Dungeon (1/1)

Altars:
Ashenzari
Cheibriados
Dithmenos
Elyvilon
Fedhas
Gozag
Hepliaklqana
Kikubaaqudgha
Makhleb
Nemelex Xobeh
Okawaru
Qazlal
Ru
Sif Muna
Trog
Uskayaw
Vehumet
Xom
Yredelemnul
Zin
The Shining One
Beogh
Jiyva
Lugonu


Innate Abilities, Weirdness & Mutations

You are too large for most types of armour.
You have tough skin. (AC +1)


Message History

[Y]es or [N]o only, please.
Really attack barehanded? [Y]es or [N]o only, please.
Really attack barehanded?
You hit the red devil but do no damage.
The red devil is almost dead.
The red devil hits you with a trident!
* * * LOW HITPOINT WARNING * * *
You hit the red devil but do no damage.
The red devil is almost dead.
The red devil hits you with a trident!
* * * LOW HITPOINT WARNING * * *
Wield which item (- for none, * to show all)? (? for menu, Esc to quit)
Your +2 dire flail of protection hums with potential!
w - a +2 dire flail of protection (weapon)
You closely miss the red devil.
The red devil is almost dead.
The red devil hops backward while attacking.
The red devil hits you from afar with a trident!
You die...

......##......'..+
..<...##.....##..##
......##...###....###
......##..##........##
......##''#...#..#...#
########.............+
########++#...#..#...#
.#..[[##..##........## g
.#..[[##...###.†@.###...
.'..))##.....##..##.....
.#..).# #.....))4'.....#
.#..))# ###...'..')..###
####### ############


You could see a red devil.

Vanquished Creatures
  A deep troll (D)
  A komodo dragon (D)
  An ice devil (D)
  A steam dragon (D)
  A floating eye (D)
  Duvessa (D)
  A swamp drake (D)
  2 sky beasts (D)
  A big kobold (D)
  A bullfrog (D)
  Dowan (D)
  5 wights (D)
  2 iron imps (D)
  A gnoll (D)
  2 adders (D)
  A leopard gecko (D)
  An orc (D)
  A giant cockroach (D)
  A hobgoblin (D)
  4 jackals (D)
  2 quokkas (D)
  A frilled lizard (D)
  A rat (D)
34 creatures vanquished.

Vanquished Creatures (collateral kills)
  A sea snake (D)
  A hellwing (D)
  A red devil (D)
  A two-headed ogre (D)
  A snapping turtle (D)
  A basilisk (D)
  An acid dragon (D)
  A mummy (D)
  A giant cockroach zombie (D)
9 creatures vanquished.

Grand Total: 43 creatures vanquished

Notes
Turn   | Place    | Note
-------+----------+-------------------------------------------
     0 | D        | jerryfan the Ogre Berserker began the quest for the Orb.
     0 | D        | Reached XP level 1. HP: 24/24 MP: 1/1
    24 | D        | Found a radiant altar of Vehumet.
    24 | D        | Found a hide-covered altar of Uskayaw.
    24 | D        | Found an ancient bone altar of Kikubaaqudgha.
    24 | D        | Found a viscous altar of Jiyva.
    24 | D        | Found a hazy altar of Hepliaklqana.
    25 | D        | Found a bloodstained altar of Trog.
    25 | D        | Found a deep blue altar of Sif Muna.
    25 | D        | Found a sacrificial altar of Ru.
    25 | D        | Found a stormy altar of Qazlal.
    25 | D        | Found an iron altar of Okawaru.
    25 | D        | Found a sparkling altar of Nemelex Xobeh.
    25 | D        | Found an opulent altar of Gozag.
    25 | D        | Found a blossoming altar of Fedhas.
    25 | D        | Found a white marble altar of Elyvilon.
    25 | D        | Found a shadowy altar of Dithmenos.
    25 | D        | Found a snail-covered altar of Cheibriados.
    26 | D        | Found a glowing golden altar of the Shining One.
    26 | D        | Found a glowing silver altar of Zin.
    27 | D        | Found a burning altar of Makhleb.
    27 | D        | Found a basalt altar of Yredelemnul.
    27 | D        | Found a roughly hewn altar of Beogh.
    28 | D        | Found a corrupted altar of Lugonu.
    28 | D        | Found a shimmering altar of Xom.
    28 | D        | Found a shattered altar of Ashenzari.
    82 | D        | Reached skill level 5 in Fighting
    82 | D        | Reached XP level 2. HP: 35/35 MP: 2/2
    86 | D        | Reached ** piety under Trog
    86 | D        | Reached skill level 5 in Maces & Flails
    95 | D        | Noticed a floating eye
    98 | D        | Killed a floating eye
    98 | D        | Reached skill level 8 in Maces & Flails
    98 | D        | Reached XP level 3. HP: 49/49 MP: 3/3
    98 | D        | Reached XP level 4. HP: 58/58 MP: 4/4
   114 | D        | Reached skill level 9 in Maces & Flails
   114 | D        | Reached skill level 5 in Dodging
   114 | D        | Reached XP level 5. HP: 45/67 MP: 5/5
   116 | D        | Reached *** piety under Trog
   121 | D        | Reached skill level 10 in Fighting
   121 | D        | Reached skill level 10 in Maces & Flails
   121 | D        | Reached XP level 6. HP: 44/78 MP: 6/6
   127 | D        | Reached **** piety under Trog
   127 | D        | Reached skill level 11 in Maces & Flails
   385 | D        | Noticed a sky beast
   393 | D        | Noticed Duvessa
   394 | D        | Noticed Dowan
   403 | D        | Killed a sky beast
   407 | D        | Killed Duvessa
   407 | D        | Reached skill level 12 in Maces & Flails
   407 | D        | Reached skill level 1 in Stealth
   407 | D        | Reached XP level 7. HP: 80/89 MP: 7/7
   409 | D        | Killed Dowan
   415 | D        | Reached ***** piety under Trog
   640 | D        | Noticed a steam dragon
   651 | D        | Killed a steam dragon
   651 | D        | Reached skill level 13 in Maces & Flails
   852 | D        | Reached XP level 8. HP: 92/102 MP: 8/8
   875 | D        | Noticed a komodo dragon
   887 | D        | Received a gift from Trog
   887 | D        | Reached ****** piety under Trog
   887 | D        | Reached skill level 14 in Maces & Flails
   892 | D        | Killed a komodo dragon
  1243 | D        | Noticed an ice devil
  1247 | D        | Killed an ice devil
  1247 | D        | Reached skill level 15 in Maces & Flails
  1255 | D        | Noticed a deep troll
  1256 | D        | Noticed a hellwing
  1265 | D        | Killed a deep troll
  1265 | D        | Reached skill level 15 in Fighting
  1265 | D        | Reached skill level 16 in Maces & Flails
  1265 | D        | Reached skill level 10 in Dodging
  1265 | D        | Reached XP level 9. HP: 79/115 MP: 9/9
  1287 | D        | Killed a hellwing
  1299 | D        | Received a gift from Trog
  1300 | D        | Got an ivory dagger {god gift}
  1301 | D        | Identified the +5 dagger "Hotoesku" {flame, Int+2} (Trog gifted it to you in the Dungeon)
  1627 | D        | Noticed a two-headed ogre
  1627 | D        | Noticed a sea snake
  1627 | D        | Noticed a red devil
  1634 | D        | Killed a two-headed ogre
  1635 | D        | Killed a red devil
  1636 | D        | Killed a sea snake
  1636 | D        | Reached skill level 17 in Maces & Flails
  1645 | D        | Noticed a red devil
  1670 | D        | Slain by a red devil

Vault maps used:
D:        pitsprint

Skill      XL: |  1  2  3  4  5  6  7  8  9 |
---------------+----------------------------+-----
Fighting       | 5 8 9 10 11 13 15 | 15.8
Dodging        | 3 4 5 6 7 8 10 11 | 11.0
Maces & Flails | 8 9 10 12 13 16 17 | 17.1
Stealth        | 1 2 |  2.7

Action                   |  1- 3 |  4- 6 |  7- 9 || total
-------------------------+-------+-------+-------++-------
Melee: Mace              |     8 |    37 |    53 ||    98
       Dire flail        |       |       |    27 ||    27
       Dagger            |       |       |     4 ||     4
       Unarmed           |       |       |     2 ||     2
Invok: Berserk           |       |     2 |     3 ||     5
       Trog's Hand       |       |     1 |       ||     1
       Brothers in Arms  |       |     1 |     2 ||     3
  Use: Potion            |       |       |     4 ||     4
  Eat: Chunk             |       |       |     4 ||     4
       Meat ration       |       |       |     2 ||     2
Armor: Animal skin       |     1 |    12 |     6 ||    19
Dodge: Dodged            |     4 |    21 |    55 ||    80
